 Dungeon Crawl Stone Soup version 0.32-a0-913-g739538afd8 (webtiles) character file.

Game seed: 3663493978034671835

1580 Fractals the Geomancer (level 8, -7/48 HPs)
             Began as a Deep Elf Earth Elementalist on Apr 7, 2024.
             Killed from afar by a steam dragon (10 damage)
             ... with a ball of steam
             ... on level 6 of the Dungeon.
             The game lasted 00:26:16 (5645 turns).

Fractals the Geomancer (DEEE)                       Turns: 5645, Time: 00:26:16

Health: -7/48      AC:  6    Str:  7    XL:     8   Next: 60%
Magic:  26/26      EV: 17    Int: 21    God:
Gold:   175        SH:  0    Dex: 15    Spells: 4/17 levels left

rFire   . . .        m - +1 dagger (drain)
rCold   . . .        (no shield)
rNeg    . . .        p - +2 robe {Will+}
rPois   .            u - +1 helmet
rElec   .            (no cloak)
rCorr   .            (no gloves)
SInv    .            (no boots)
Will    +....        t - amulet of magic regeneration
Stlth   +++          a - +5 ring of evasion
HPRegen 0.28/turn    i - ring of magical power
MPRegen 0.60/turn

%: no passive effects
@: no status effects
A: no striking features
a: no special abilities


You were on level 6 of the Dungeon.
You visited 1 branch of the dungeon, and saw 6 of its levels.

You collected 263 gold pieces.
You spent 88 gold pieces at shops.

Inventory:

Hand Weapons
 e - a +1 heavy dagger
 m - a +1 dagger of draining (weapon)
Armour
 p - a +2 robe of willpower (worn)
 u - a +1 helmet (worn)
Jewellery
 a - a +5 ring of evasion (left hand)
 c - a ring of magical power
 d - a ring of fire
 i - a ring of magical power (right hand)
 t - an amulet of magic regeneration (around neck)
Scrolls
 f - 2 scrolls of enchant weapon
 g - 3 scrolls of teleportation
 w - a scroll of noise {unknown}
Potions
 b - a potion of magic
 h - 3 potions of curing
 j - a potion of heal wounds {unknown}
 k - 2 potions of cancellation
 l - a potion of might {unknown}
 n - a potion of ambrosia {unknown}
 o - a potion of lignification
 r - a potion of brilliance {unknown}
 s - a potion of resistance {unknown}


   Skills:
 - Level 4.0 Fighting
 + Level 3.0 Dodging
 - Level 4.0 Stealth
 - Level 5.0 Spellcasting
 - Level 6.0 Conjurations
 + Level 1.1 Translocations
 - Level 8.0 Earth Magic


You had 4 spell levels left.
You knew the following spells:

 Your Spells              Type           Power      Damage    Failure   Level
a - Sandblast             Erth           76%        2d16      1%          1
b - Passwall              Erth           38%        N/A       1%          3
c - Stone Arrow           Conj/Erth      68%        3d11      1%          3
d - Brom's Barrelling Bo  Conj/Erth      34%        2d5       6%          4
e - Blink                 Tloc           18%        N/A       11%         2

Your spell library contained the following spells:

 Spells                   Type           Power      Damage    Failure   Level
 Magic Dart               Conj           100%       1d8       1%          1
 Foxfire                  Conj/Fire      68%        2x1d7     3%          1
 Call Imp                 Summ           10%        N/A       16%         2
 Jinxbite                 Hex            10%        N/A       16%         2
 Petrify                  Alch/Erth      22%        N/A       21%         4
 Yara's Violent Unravell  Hex/Alch       2%         3d3       96%         5
 Starburst                Conj/Fire      8%         6d4       99%         6
 Plasma Beam              Fire/Air       2%         2x1d12    100%        6
 Enfeeble                 Hex            2%         N/A       100%        7


Dungeon Overview and Level Annotations

Branches:
Dungeon (6/15)             Temple (0/1) D:6

Altars:
Ashenzari
Cheibriados
Dithmenos
Elyvilon
Hepliaklqana
Kikubaaqudgha
Trog
Uskayaw
Xom
Yredelemnul

Shops:
D:2 [[[*(   D:5 :


Message History

Confirm with . or Enter, or press ? or * to list all spells.
Aiming: Stone Arrow (safe; 1% risk of failure)
Press: ? - help, Shift-Dir - straight line, f/p - steam dragon
Aim: a steam dragon (heavily wounded, 74% to hit)
The stone arrow hits the steam dragon.
The steam dragon is severely wounded.
Unknown command.
Aiming: Sandblast (safe; 1% risk of failure)
Press: ? - help, Q - select action, (/) - cycle Shift-Dir - straight line, f/p - steam dragon
Aim: a steam dragon (severely wounded, 84% to hit)
The blast of sand hits the steam dragon.
The steam dragon is almost dead.
The steam dragon breathes steam at you. The ball of steam hits you!
Casting: Sandblast (safe; 1% risk of failure)
Confirm with . or Enter, or press ? or * to list all spells.
Aiming: Stone Arrow (safe; 1% risk of failure)
Press: ? - help, Shift-Dir - straight line, f/p - steam dragon
Aim: a steam dragon (almost dead, 74% to hit)
The stone arrow misses the steam dragon.
The steam dragon barely misses you. The steam dragon misses you.
Unknown command.
The steam dragon breathes steam at you. The ball of steam misses you.
You are engulfed in a cloud of scalding steam.
You are engulfed in a cloud of scalding steam.
* * * LOW HITPOINT WARNING * * *
Okay, then.
The steam dragon breathes steam at you. The ball of steam hits you!
* * * LOW HITPOINT WARNING * * *
You are engulfed in a cloud of scalding steam.
* * * LOW HITPOINT WARNING * * *
Okay, then.
The shadow imp shouts!
The shadow imp puffs mist at you.
You hit the shadow imp but do no damage.
The steam dragon breathes steam at you. The ball of steam hits you!
You die...

* #.....###..#####.#*,,,,,,,,,* *
##................#*,,*****,,*
***#.......##.........,,,* ***,,*
,,*#.##.#..##..####.##**** *,,,,,
#.##.##.#..##..####.## *,*,,*
...........##..####.## *,*,,*
#.##.##.##.##.§####5## *,*,,,
.,*#.##.##.##..####.####****,**,*
#*##.......##.§§@5......,,,,,**,*
# #...#######D#####.####*******,,
###...#######§#####.## ***
#.......#####.#####.##
#...........D.#####.##
#.......###########.## .......##
*,,,,,,,* ###.....#****,*******
#.###.....,,*


You could see a shadow imp.

Vanquished Creatures
  Pikel (D:5)
  Edmund (D:4)
  A black bear (D:5)
  4 ogres
  4 lemures (D:5)
  A phantom (D:5)
  Blork the orc (D:5)
  2 scorpions
  A howler monkey (D:4)
  A bombardier beetle (D:4)
  A hound (D:6)
  2 orc wizards (D:5)
  An iguana (D:4)
  Robin (D:3)
  3 gnolls (D:6)
  4 adders
  3 ribbon worms
  A dart slug (D:2)
  8 orcs
  6 bats
  8 endoplasms
  2 giant cockroaches
  10 hobgoblins
  7 jackals (D:1)
  3 quokkas
  5 ball pythons
  13 goblins
  10 kobolds
  7 rats
  A spectral kobold (D:5)
113 creatures vanquished.

Notes
Turn   | Place    | Note
-------+----------+-------------------------------------------
     0 | D:1      | Fractals the Deep Elf Earth Elementalist began the quest
                  | for the Orb.
     0 | D:1      | Reached XP level 1. HP: 10/10 MP: 6/6
   232 | D:1      | Reached XP level 2. HP: 16/16 MP: 5/8
   242 | D:1      | Reached skill level 1 in Fighting
   692 | D:1      | Reached XP level 3. HP: 20/20 MP: 9/9
  1098 | D:2      | Found Ceqeg's Antique Armour Shoppe.
  1189 | D:2      | Learned a level 3 spell: Passwall
  1269 | D:2      | Found Aran Vau's Weapon Emporium.
  1546 | D:2      | Found Lisa's Antique Armour Emporium.
  1552 | D:2      | Bought a glowing robe for 88 gold pieces
  1671 | D:2      | Found Jomafo's Armour Shoppe.
  1821 | D:2      | Found Dioge's Assorted Antiques.
  1910 | D:3      | Found a faded altar of an unknown god.
  1977 | D:3      | Noticed Robin
  2194 | D:3      | Reached XP level 4. HP: 26/26 MP: 11/11
  2611 | D:3      | Killed Robin
  2614 | D:3      | Reached skill level 4 in Earth Magic
  3283 | D:4      | Learned a level 3 spell: Stone Arrow
  3292 | D:4      | Noticed a scorpion
  3306 | D:4      | Killed a scorpion
  3307 | D:4      | Reached XP level 5. HP: 31/31 MP: 13/13
  3689 | D:4      | Found a broken altar of Ashenzari.
  3696 | D:4      | Reached XP level 6. HP: 37/37 MP: 14/14
  3760 | D:4      | Noticed Edmund
  3780 | D:4      | Killed Edmund
  3781 | D:4      | Reached skill level 5 in Earth Magic
  4103 | D:5      | Entered Level 5 of the Dungeon
  4372 | D:5      | Reached skill level 5 in Spellcasting
  4372 | D:5      | Reached XP level 7. HP: 41/41 MP: 16/16
  4432 | D:5      | Found a shadowy altar of Dithmenos.
  4631 | D:5      | Noticed Blork the orc
  4634 | D:5      | Killed Blork the orc
  4635 | D:5      | Reached skill level 6 in Earth Magic
  4643 | D:5      | Learned a level 4 spell: Brom's Barrelling Boulder
  4843 | D:5      | Found Quol's Tiny Tomes.
  5037 | D:5      | Noticed Pikel
  5043 | D:5      | Killed Pikel
  5044 | D:5      | Reached skill level 5 in Conjurations
  5044 | D:5      | Reached skill level 7 in Earth Magic
  5044 | D:5      | Reached XP level 8. HP: 46/46 MP: 17/17
  5063 | D:5      | Found a hazy altar of Hepliaklqana.
  5331 | D:6      | Found a staircase to the Ecumenical Temple.
  5414 | D:6      | Reached skill level 8 in Earth Magic
  5417 | D:6      | Learned a level 2 spell: Blink
  5467 | D:6      | Found a white marble altar of Elyvilon.
  5467 | D:6      | Found a shimmering altar of Xom.
  5473 | D:6      | Found an ancient bone altar of Kikubaaqudgha.
  5493 | D:6      | Found a bloodstained altar of Trog.
  5493 | D:6      | Found a hide-covered altar of Uskayaw.
  5556 | D:6      | Reached skill level 1 in Translocations
  5557 | D:6      | Found a basalt altar of Yredelemnul.
  5558 | D:6      | Found a snail-covered altar of Cheibriados.
  5642 | D:6      | HP: 2/48 [something] (4)]
  5645 | D:6      | Killed from afar by a steam dragon

Illustrated notes

Levels and vault maps discovered:
D:1:      dpeg_arrival_subterranean_lakeside_camping, layout_loops_ring
D:2:      layout_loops_ring, serial_shops, nicolae_square_shop,
          nicolae_shop_pleasant_corner_grove, nicolae_shop_waterfront, shop,
          nicolae_shop_just_a_little_nook, hex_tiny, kennysheep_generic_room_5
D:3:      layout_loops_cross, hellmonk_ecumenical_altar_pennies_from_heaven,
          chequers_serial_rivers_small_a, uniq_robin
D:4:      layout_cave_pods, ashenzari_conservatory_becter, uniq_edmund
D:5:      layout_basic, grunt_dithmenos_smoke_and_mirrors,
          nicolae_hepliaklqana_monster_ancestors, minivault_19,
          serial_library_hellmonk_secret_room,
          nicolae_shop_i_like_small_books_too, uniq_blork_the_orc, uniq_pikel
D:6:      layout_loops_ring, nicolae_overflow_hallway_of_the_gods,
          minmay_temple_entry_trees, dreamdust_princess_corridor

Skill      XL: |  1  2  3  4  5  6  7  8 |
---------------+-------------------------+-----
Stealth        | 3 4 |  4.0
Fighting       | 1 2 3 4 |  4.0
Earth Magic    | 4 5 7 8 |  8.0
Spellcasting   | 4 5 |  5.0
Conjurations   | 2 3 4 5 6 |  6.0
Dodging        | 3 |  3.0
Translocations | 1 |  1.1

Action                     |  1- 3 |  4- 6 |  7- 9 || total
---------------------------+-------+-------+-------++-------
  Melee: Unarmed           |     1 |       |       ||     1
         Dagger            |    50 |    29 |     5 ||    84
   Cast: Sandblast         |    46 |    51 |    26 ||   123
         Stone Arrow       |       |    14 |    27 ||    41
         Passwall          |       |       |     1 ||     1
         Brom's Barrelling |       |       |     3 ||     3
    Use: Scroll            |     3 |     5 |     4 ||    12
         Potion            |       |     2 |       ||     2
   Stab: Sleeping          |     5 |     2 |       ||     7
 Armour: Robe              |    28 |    43 |    19 ||    90
         Skin              |       |    10 |       ||    10
  Dodge: Dodged            |    29 |    46 |    24 ||    99

Table legend: (Time is in decaauts)
 A = Elapsed time spent in this place.
 B = Non-inter-level travel time spent in this place.
 C = Inter-level travel time spent in this place.
 D = Time resting spent in this place.
 E = Time spent auto-exploring this place.
 F = Levels seen in this place.
 G = Mean time per level.
                   A        B        C        D        E       F      G
               +--------+--------+--------+--------+--------+-----+--------+
         Total |   5713 |   5466 |    247 |   1016 |   2600 |   6 |  952.2 |
       Dungeon |   5713 |   5466 |    247 |   1016 |   2600 |   6 |  952.2 |
               +--------+--------+--------+--------+--------+-----+--------+

Top non-repeatable levels by time:
     D:5: 1183 daAuts
     D:3: 1087 daAuts
     D:1: 1087 daAuts
     D:4: 1003 daAuts
     D:2: 979 daAuts
     D:6: 372 daAuts
